 Dungeon Crawl Stone Soup version 0.30-a0-860-g512cf1e979 (webtiles) character file.

Game seed: 15542044563392160115

529 throatwolfe the Digger (level 7, -12/38 HPs)
             Began as a Gargoyle Earth Elementalist on Mar 8, 2023.
             Was an Initiate of Vehumet.
             Mangled by an ogre
             ... wielding a +0 giant club
              (23 damage)
             ... on level 5 of the Dungeon.
             The game lasted 00:47:02 (4153 turns).

throatwolfe the Digger (GrEE)                       Turns: 4153, Time: 00:47:02

Health: -12/38     AC:  9    Str: 11    XL:     7   Next: 24%
Magic:  12/14      EV: 11    Int: 18    God:    Vehumet [......]
Gold:   135        SH:  0    Dex: 10    Spells: 9/15 levels left

rFire   + . .      SeeInvis +    x - +1 morningstar (holy)
rCold   . . .      Faith    .    p - orb {light}
rNeg    + . .      Spirit   .    k - +0 leather armour
rPois   ∞          Reflect  .    (no helmet)
rElec   +          Rampage  .    (no cloak)
rCorr   .                        u - +0 pair of gloves
Will    .....                    (no boots)
Stlth   +                        (no amulet)
HPRegen 0.26/turn                r - ring of see invisible
MPRegen 0.14/turn                C - ring of protection from fire

@: glowing
A: sickness immunity, AC +4, negative energy resistance 1, electricity
resistance, torment resistance 1, petrification resistance
a: Renounce Religion


You were on level 5 of the Dungeon.
You worshipped Vehumet.
Vehumet was noncommittal.
You visited 1 branch of the dungeon, and saw 5 of its levels.

You collected 135 gold pieces.

Inventory:

Hand Weapons
 e - a +0 dagger
 h - a +0 short sword
 n - a +0 mace
 s - a +4 trident
 x - a +1 morningstar of holy wrath (weapon)
Missiles
 j - 41 stones
Armour
 a - a +0 robe
 k - a +0 leather armour (worn)
 p - an orb of light (worn)
 u - a +0 pair of gloves (worn)
 A - a +0 plate armour
 E - a +0 ring mail
Jewellery
 r - a ring of see invisible (left hand)
 C - a ring of protection from fire (right hand)
Wands
 q - a wand of flame (11)
 D - a wand of acid (2)
Scrolls
 d - 6 scrolls of identify {unknown}
 g - a scroll of summoning {unknown}
 l - 3 scrolls of brand weapon {unknown}
 v - a scroll of enchant weapon {unknown}
 y - a scroll of enchant armour {unknown}
 B - a scroll of teleportation {unknown}
Potions
 b - 3 potions of magic
 f - 2 potions of flight {unknown}
 i - a potion of degeneration {unknown}
 m - a potion of lignification {unknown}
 o - a potion of haste {unknown}
 t - a potion of attraction {unknown}
 w - 2 potions of heal wounds {unknown}
 z - a potion of brilliance {unknown}


   Skills:
 + Level 1.1 Fighting
 + Level 0.2 Short Blades
 + Level 1.1 Maces & Flails
 + Level 1.0 Polearms
 + Level 2.8 Armour
 + Level 2.1 Dodging
 + Level 2.6 Stealth
 + Level 0.4 Unarmed Combat
 + Level 4.9 Spellcasting
 + Level 0.7 Transmutations
 + Level 5.2 Earth Magic


You had 9 spell levels left.
You knew the following spells:

 Your Spells              Type           Power      Damage    Failure   Level
a - Sandblast             Erth           46%        2d11      1%          1
b - Passwall              Tmut/Erth      12%        N/A       8%          2
c - Stone Arrow           Conj/Erth      26%        3d8       17%         3

Your spell library contained the following spells:

 Spells                   Type           Power      Damage    Failure   Level
 Shock                    Conj/Air       16%        1d4       17%         1
 Ozocubu's Armour         Ice            4%         N/A       45%         3
 Swiftness                Air            4%         N/A       45%         3
 Petrify                  Tmut/Erth      15%        N/A       45%         4
 Airstrike                Air            2%         2d(1-17)  86%         4
 Summon Lightning Spire   Summ/Air       4%         N/A       86%         4
 Metabolic Englaciation   Hex/Ice        2%         N/A       99%         5
 Summon Forest            Summ/Tloc      2%         N/A       99%         5
 Eringya's Noxious Bog    Tmut/Pois      2%         N/A       100%        6
 Simulacrum               Ice/Necr       2%         N/A       100%        6
 Ozocubu's Refrigeration  Ice            2%         4d7       100%        7
 Storm Form               Tmut/Air       2%         N/A       100%        7
 Summon Hydra             Summ           2%         N/A       100%        7
 Maxwell's Capacitive Co  Air            2%         ∞         100%        8


Dungeon Overview and Level Annotations

Branches:
Dungeon (5/15)
 Temple: D:4-7

Altars:
Vehumet


Innate Abilities, Weirdness & Mutations

You are immune to sickness and miasma.
Your stone body is resilient. (AC +4)
You are immune to poison.
You resist negative energy. (rN+)
You are resistant to electric shocks. (rElec)
You are resistant to unholy torment.
You are immune to petrification.


Message History

You see here a +0 spear.
There is a stone staircase leading up here.
You climb upwards.
There is a stone staircase leading down here.
You start resting.
Magic restored.
You climb downwards.
The ogre closely misses you.
There is a stone staircase leading up here.
Press: ? - help, v - describe, . - travel
Here: an ogre, wielding a +0 giant club (haloed)
The floor.
Hit: x) +1 morningstar (holy)
Press: ? - help, Dir - move target, f - ogre
Aim: an ogre, wielding a +0 giant club (haloed, about 8% to evade your +1 morningstar of holy wrath)
Okay, then.
Hit: x) +1 morningstar (holy)
Press: ? - help, Dir - move target, f - ogre
Aim: an ogre, wielding a +0 giant club (haloed, about 8% to evade your +1 morningstar of holy wrath)
Okay, then.
Press: ? - help, v - describe, . - travel The floor.
This square is lit by a halo.
An ogre is nearby!
Unknown command.
Aiming: Sandblast (safe; 1% risk of failure)
Press: ? - help, Q - select action, (/) - cycle Shift-Dir - straight line, f - ogre
Aim: an ogre, wielding a +0 giant club (haloed, 94% to hit)
The blast of sand hits the ogre.
The ogre is lightly wounded.
The ogre barely misses you.
Aiming: Sandblast (safe; 1% risk of failure)
Press: ? - help, Q - select action, (/) - cycle Shift-Dir - straight line, f/p - ogre
Aim: an ogre, wielding a +0 giant club (lightly wounded, haloed, 94% to hit)
The blast of sand misses the ogre.
The ogre hits you with a +0 giant club!!
Ouch! That really hurt!
* * * LOW HITPOINT WARNING * * *
The ogre hits you with a +0 giant club!!
Ouch! That really hurt!
You die...

......#.§
#.......# ......
#......# ....§#
#......# ....#
#......####...####
#.................
#......<.#........
##...))..#........
###...)))@.......
###..†.O.......
###..........
##.........
#...#.....
....###... ....#
... ...... .. ...


You could see an ogre.

Vanquished Creatures
  A phantom (D:4)
  4 killer bees (D:4)
  A jelly (D:4)
  A hound (D:5)
  An orc priest (D:5)
  An orc wizard (D:4)
  4 gnolls
  2 adders
  A white imp (D:5)
  A worm (D:3)
  A dart slug (D:4)
  3 orcs
  8 bats
  6 endoplasms
  9 giant cockroaches
  7 goblins
  9 hobgoblins
  4 jackals (D:4)
  3 quokkas
  7 ball pythons
  3 frilled lizards
  5 kobolds
  6 rats
88 creatures vanquished.

Vanquished Creatures (others)
  11 plants (D:4)
11 creatures vanquished.

Grand Total: 99 creatures vanquished

Notes
Turn   | Place    | Note
-------+----------+-------------------------------------------
     0 | D:1      | throatwolfe the Gargoyle Earth Elementalist began the quest
                  | for the Orb.
     0 | D:1      | Reached XP level 1. HP: 10/10 MP: 3/3
   243 | D:1      | Reached XP level 2. HP: 9/15 MP: 5/5
   476 | D:1      | Reached skill level 4 in Earth Magic
   557 | D:1      | Reached XP level 3. HP: 19/19 MP: 4/6
   635 | D:1      | Learned a level 2 spell: Passwall
  1100 | D:3      | Found a faded altar of an unknown god.
  1880 | D:3      | Reached XP level 4. HP: 24/24 MP: 4/8
  2929 | D:4      | Noticed a phantom
  2942 | D:4      | Killed a phantom
  2943 | D:4      | Reached skill level 1 in Armour
  2943 | D:4      | Reached XP level 5. HP: 26/28 MP: 4/10
  3013 | D:4      | Found a radiant altar of Vehumet.
  3021 | D:4      | Became a worshipper of Vehumet
  3091 | D:5      | Entered Level 5 of the Dungeon
  3306 | D:4      | Learned a level 3 spell: Stone Arrow
  3643 | D:4      | Reached skill level 5 in Earth Magic
  3643 | D:4      | Reached XP level 6. HP: 18/33 MP: 9/12
  3646 | D:4      | Reached skill level 1 in Polearms
  3648 | D:4      | Reached skill level 1 in Maces & Flails
  3797 | D:5      | Reached XP level 7. HP: 36/37 MP: 7/13
  3830 | D:5      | Reached skill level 1 in Fighting
  4153 | D:5      | Mangled by an ogre

Illustrated notes

Levels and vault maps discovered:
D:1:      dpeg_arrival_rhombus, layout_basic, serial_forest,
          infiniplex_forest_straight_4, infiniplex_forest_straight_2,
          infiniplex_forest_clump_C, infiniplex_forest_lined_3,
          infiniplex_forest_clump_small
D:2:      layout_loops_ring
D:3:      layout_basic, nicolae_ecumenical_oubliette, feat_on_display
D:4:      layout_basic, nicolae_vehumet_radiance, serial_bayou,
          serial_bayou_pond_b, serial_bayou_pond_d, serial_bayou_pond_e,
          serial_bayou_lagoon_a
D:5:      layout_cave_pools, nicolae_dithmenos_the_darkroom,
          serial_column_ruins, column_ruins_pillar_2, column_ruins_pillar_2,
          column_ruins_pillar_2, column_ruins_pillar_1, column_ruins_pillar_2,
          column_ruins_pillar_5, column_ruins_pillar_2, column_ruins_pillar_11,
          column_ruins_pillar_6, column_ruins_pillar_1,
          eino_small_chamber_without_monster, nrook_mini_backslash,
          chequers_serial_rivers_micro_a

Skill      XL: |  1  2  3  4  5  6  7 |
---------------+----------------------+-----
Earth Magic    | 4 5 |  5.2
Spellcasting   | 3 4 |  4.9
Armour         | 1 2 |  2.8
Dodging        | 2 |  2.1
Polearms       | 1 |  1.0
Maces & Flails | 1 |  1.1
Fighting       | 1 |  1.1
Short Blades   | |  0.2
Stealth        | |  2.6
Unarmed Combat | |  0.4
Transmutations | |  0.7

Action                     |  1- 3 |  4- 6 |  7- 9 || total
---------------------------+-------+-------+-------++-------
  Melee: Dagger            |    53 |       |       ||    53
         Unarmed           |    11 |       |       ||    11
         Short sword       |     9 |       |       ||     9
         Morningstar       |       |    13 |     2 ||    15
         Trident           |       |     4 |       ||     4
         Mace              |       |     1 |       ||     1
   Cast: Sandblast         |    49 |    36 |    11 ||    96
         Stone Arrow       |       |     2 |     6 ||     8
   Stab: Sleeping          |     1 |       |       ||     1
 Armour: Robe              |    37 |       |       ||    37
         Leather armour    |       |    20 |    14 ||    34
  Dodge: Dodged            |    74 |    26 |    26 ||   126

Table legend: (Time is in decaauts)
 A = Elapsed time spent in this place.
 B = Non-inter-level travel time spent in this place.
 C = Inter-level travel time spent in this place.
 D = Time resting spent in this place.
 E = Time spent auto-exploring this place.
 F = Levels seen in this place.
 G = Mean time per level.
                   A        B        C        D        E       F      G
               +--------+--------+--------+--------+--------+-----+--------+
         Total |   4221 |   3774 |    447 |    368 |   2691 |   5 |  844.2 |
       Dungeon |   4221 |   3774 |    447 |    368 |   2691 |   5 |  844.2 |
               +--------+--------+--------+--------+--------+-----+--------+

Top non-repeatable levels by time:
     D:4: 1307 daAuts
     D:1: 1066 daAuts
     D:3: 1013 daAuts
     D:2: 776 daAuts
     D:5: 57 daAuts
